AoeStats
← El Fantasma de Pancho Villa

Arena

509003914Analyzed
4v4 RM · 7d ago on Sep 25, 2026· 30m 39s· 8 players
Game mode
Random Map
Map size
Large (8 player)
Population
200
Speed
Normal
Resources
Standard
Victory
Conquest
Starting age
Dark Age
Ending age
Imperial Age
RankedLock teamsTeams togetherTeam positionsShared explorationLock speedFull tech treeHidden civsTurbo modeCheats
Victory
Defeat
🇨🇱 Dravidians · Chile
1256
+8
🇨🇱 Danes · Chile
1176
+11
🇨🇱 Franks · Chile
1141
+12
🇨🇱 Poles · Chile
1097
+14
🇺🇸 Teutons · United States
1139
-14
🇨🇳 Goths · China
1070
-12
🇦🇷 Mongols · Argentina
1063
-11
🇲🇽 Magyars · Mexico
966
-8
El Fantasma de Pancho Villa
13:31 Feudal Age
14:24 Double-Bit Axe
17:10 Castle Age
15:19 Horse Collar
16:17 Wheelbarrow
17:00 Gold Mining
18:08 Bow Saw
18:10 Heavy Plow
21:10 Loom
23:46 Stone Mining
24:56 Bloodlines
25:01 Scale Barding Armor
25:06 Forging
27:23 Scale Mail Armor
mariourigar
10:06 Feudal Age
10:40 Double-Bit Axe
10:39 Horse Collar
16:25 Town Watch
18:31 Wheelbarrow
21:08 Bloodlines
22:26 Scale Mail Armor
22:32 Scale Barding Armor
Bukele
11:43 Feudal Age
13:13 Double-Bit Axe
16:04 Castle Age
14:22 Gold Mining
14:30 Horse Collar
15:33 Loom
17:33 Wheelbarrow
23:02 Fletching
26:38 Bow Saw
27:25 Bloodlines
27:49 Husbandry
hhqq
8:20 Loom
10:58 Feudal Age
17:09 Castle Age
14:58 Double-Bit Axe
14:55 Horse Collar
18:22 Heavy Plow
20:32 Wheelbarrow
22:47 Bow Saw
24:49 Squires
28:49 Imperial Age
26:40 Scale Mail Armor
26:52 Forging
26:37 Gold Mining
26:53 Stone Mining
26:44 Pikeman
27:30 Town Watch
28:31 Chain Mail Armor
29:32 Hand Cart
30:30 Conscription
30:37 Murder Holes
PACS ._.
11:44 Feudal Age
15:44 Castle Age
18:33 Scale Mail Armor
18:43 Forging
30:25 Man-at-Arms
30:50 Gambesons
31:06 Squires
30:51 Arson
JP Charly
11:58 Feudal Age
12:49 Double-Bit Axe
15:48 Castle Age
14:12 Double-Bit Axe
16:56 Bow Saw
18:08 Horse Collar
19:34 Wheelbarrow
21:28 Loom
23:39 Wheelbarrow
24:04 Wheelbarrow
24:40 Wheelbarrow
24:26 Heavy Plow
25:55 Wheelbarrow
28:26 Imperial Age
25:42 Town Watch
26:25 Scale Mail Armor
27:03 Forging
27:26 Chain Mail Armor
27:27 Hand Cart
28:02 Gold Mining
28:02 Stone Mining
28:49 Iron Casting
28:18 Man-at-Arms
28:43 Gambesons
28:59 Squires
28:44 Arson
29:37 Hand Cart
30:18 Plate Mail Armor
29:11 Long Swordsman
31:08 Blast Furnace
30:07 Two-Handed Swordsman
32:00 Two-Man Saw
Nico
11:50 Feudal Age
13:26 Loom
15:45 Castle Age
15:19 Double-Bit Axe
18:52 Arson
23:52 Squires
30:01 Forging
29:52 Scale Mail Armor
mieditoflip360
11:39 Feudal Age
15:53 Castle Age
14:40 Horse Collar
14:47 Double-Bit Axe
15:21 Loom
16:46 Heavy Plow
16:59 Bow Saw
30:12 Scale Mail Armor
31:18 Forging
Connection lost

Rejoining the realm…

Still unreachable

The connection could not be restored.

Session expired

The server has moved on; the page needs a fresh start.